 Dungeon Crawl Stone Soup version 0.27.1-3-gb3d3a73c9e (webtiles) character file.

Game seed: 14803397920407165748

130 Erina the Poker (level 4, 0/61 HPs)
             Began as a Minotaur Berserker on Oct 23, 2021.
             Was a Believer of Trog.
             Slain by a phantom (8 damage)
             ... on level 4 of the Dungeon.
             The game lasted 00:12:28 (2815 turns).

Erina the Poker (Minotaur Berserker)                Turns: 2815, Time: 00:12:29

Health: 0/61       AC:  5    Str: 21    XL:     4   Next: 89%
Magic:  3/3        EV: 10    Int:  5    God:    Trog [**....]
Gold:   61         SH:  4    Dex: 10    Spells: 3/3 levels left

rFire    . . .     SeeInvis .   a - +0 spear
rCold    . . .     Faith    .   m - +1 buckler
rNeg     . . .     Spirit   .   o - +0 ring mail
rPois    .         Reflect  .   (helmet restricted)
rElec    .         Harm     .   (no cloak)
rCorr    .         Rampage  .   (no gloves)
Will     ++...                  (no boots)
Stlth    ..........             (no amulet)
HPRegen  1.20/turn              (no ring)
MPRegen  0.08/turn              (no ring)

@: berserking, strong-willed, regenerating, very quick
A: horns 2, retaliatory headbutt
a: Renounce Religion, Berserk, Trog's Hand


You were on level 4 of the Dungeon.
You worshipped Trog.
Trog was pleased with you.
You visited 1 branch of the dungeon, and saw 4 of its levels.

You collected 204 gold pieces.
You spent 143 gold pieces at shops.

Inventory:

Hand Weapons
 a - a +0 spear (weapon)
 f - a +2 short sword of flaming
 u - a +4 quarterstaff of chaos
Missiles
 n - 3 silver boomerangs (quivered)
Armour
 m - a +1 buckler (worn)
 o - a +0 ring mail (worn)
 v - a +1 cloak
Scrolls
 b - a scroll of identify
 c - a scroll of magic mapping
 e - a scroll of enchant weapon {unknown}
 g - a scroll of acquirement {unknown}
 h - a scroll of torment {unknown}
 i - a scroll of vulnerability {unknown}
 j - a scroll of noise {unknown}
 k - a scroll of fear
 l - a scroll of enchant armour
 p - 2 scrolls of teleportation {unknown}
Potions
 d - 3 potions of curing
 q - a potion of brilliance
 r - 2 potions of might
 s - a potion of lignification
 t - a potion of heal wounds


   Skills:
 + Level 4.7 Fighting
 * Level 5.6 Polearms
 + Level 3.0 Armour
 + Level 2.6 Dodging


You had 3 spell levels left.
You didn't know any spells.
Your spell library was empty.

Dungeon Overview and Level Annotations

Branches:
Dungeon (4/15)
 Temple: D:4-7

Altars:
Wu Jian

Shops:
D:3 [(!   D:4 =

Annotations:
D:4 3 runed translucent doors, chujev's ghost, amateur TrBe


Innate Abilities, Weirdness & Mutations

You have a pair of horns on your head.
You reflexively headbutt those who attack you in melee.


Message History

Trog accepts your kill. The water moccasin skeleton bites you.
Your Armour skill increases to level 3!
You hit the water moccasin skeleton.
The water moccasin skeleton is severely damaged.
You feel sick.
You puncture the phantom!
The phantom is moderately damaged.
You feel sick.
You barely miss the water moccasin skeleton.
You headbutt the water moccasin skeleton.
The water moccasin skeleton is almost destroyed.
You feel sick. The water moccasin skeleton bites you.
* * * LOW HITPOINT WARNING * * *
The phantom hits you.
* * * LOW HITPOINT WARNING * * *
The phantom blinks!
You blink.
Your skin crawls.
You feel strong-willed.
You feel sick. The phantom hits you.
* * * LOW HITPOINT WARNING * * *
The phantom blinks!
You blink.
Found 11 gold pieces.
A red film seems to cover your vision as you go berserk!
You feel yourself moving faster!
You feel mighty!
You feel sick. The phantom barely misses you. You furiously retaliate!
You headbutt the phantom! You miss the phantom.
The phantom is heavily damaged.
The phantom hits you.
* * * LOW HITPOINT WARNING * * *
The phantom blinks!
You blink.
You closely miss the phantom.
The phantom is heavily damaged.
You feel sick.
You closely miss the phantom.
The phantom is heavily damaged.
You feel sick.
You are no longer poisoned.
The phantom hits you!
You die...

#.#...Z.....#
##..........##
########......§....#
#..........#.......#
#.######...###........
#.# ###.# #.#######
#.# #.# #.## # #.#
##.##...# # #.#
#...@W.# #####.#
#.....$.# ......#
######.## ####### .# #
##### # # #..)# #...#
#...# ##†##


You could see a phantom.

Vanquished Creatures
  Crazy Yiuf (D:4)
  5 adders
  3 dart slugs
  5 ball pythons
  3 endoplasms
  A giant cockroach (D:1)
  8 goblins
  6 hobgoblins
  5 kobolds
  3 quokkas
  5 bats
  2 frilled lizards (D:3)
  5 rats
52 creatures vanquished.

Notes
Turn   | Place    | Note
-------+----------+-------------------------------------------
     0 | D:1      | Erina the Minotaur Berserker began the quest for the Orb.
     0 | D:1      | Reached XP level 1. HP: 19/19 MP: 0/0
    94 | D:1      | Reached skill level 4 in Polearms
    96 | D:1      | Reached XP level 2. HP: 25/27 MP: 1/1
   299 | D:1      | Found a faded altar of an unknown god.
   875 | D:2      | Reached XP level 3. HP: 22/33 MP: 2/2
   876 | D:2      | Reached ** piety under Trog
  1487 | D:2      | Found an ornate altar of the Wu Jian Council.
  1862 | D:3      | Reached skill level 5 in Polearms
  1978 | D:3      | Found Maikhlusu's Distillery.
  2000 | D:3      | Bought a potion of curing for 33 gold pieces
  2000 | D:3      | Bought a potion of might for 44 gold pieces
  2000 | D:3      | Bought a potion of heal wounds for 55 gold pieces
  2000 | D:3      | Bought a potion of degeneration for 11 gold pieces
  2049 | D:3      | Reached XP level 4. HP: 41/41 MP: 3/3
  2186 | D:3      | Found Otiemn's Weapon Shoppe.
  2440 | D:3      | Found Fosh's Armour Boutique.
  2496 | D:4      | Found Cimithreuq's Jewellery Boutique.
  2523 | D:4      | Found a runed translucent gate.
  2524 | D:4      | Found a runed translucent gate.
  2527 | D:4      | Found a runed translucent gate.
  2529 | D:4      | Noticed chujev's ghost (amateur TrBe)
  2626 | D:4      | Found a runed translucent door.
  2627 | D:4      | Noticed Crazy Yiuf
  2633 | D:4      | Killed Crazy Yiuf
  2795 | D:4      | Noticed a phantom
  2815 | D:4      | Slain by a phantom

Illustrated notes

Levels and vault maps discovered:
D:1:      erik_arrival_blinker_ship, layout_basic,
          hellmonk_ecumenical_altar_arch_garden
D:2:      layout_loops_cross, basic_altar
D:3:      layout_basic, serial_shops, shop_statue, nicolae_lakefront_shop, shop,
          lightli_corner_chamber
D:4:      layout_loops_ring, nicolae_ashenzari_panopticon,
          gammafunk_ghost_necromancy, nicolae_stop_n_shop_2,
          uniq_crazy_yiuf_cottage

Skill      XL: |  1  2  3  4 |
---------------+-------------+-----
Polearms       | 4 5 |  5.6
Fighting       | 4 |  4.7
Armour         | 3 |  3.0
Dodging        | |  2.6

Action                   |  1- 3 |  4- 6 || total
-------------------------+-------+-------++-------
Melee: Spear             |   106 |    41 ||   147
       Headbutt          |    13 |     7 ||    20
Invok: Berserk           |       |     2 ||     2
       Trog's Hand       |       |     1 ||     1
  Use: Scroll            |       |     5 ||     5
Armor: Animal skin       |     4 |       ||     4
       Ring mail         |     9 |     9 ||    18
Dodge: Dodged            |    46 |    12 ||    58
Block: Buckler           |     3 |     5 ||     8
